 Dungeon Crawl Stone Soup version 0.28.0-53-g5a82cb258f (webtiles) character file.

Game seed: 15769744695791288146

977 DildoBatman the Magician (level 8, -1/49 (56) HPs)
             Began as a Formicid Conjurer on May 29, 2022.
             Was an Initiate of Kikubaaqudgha.
             Slain by a hornet zombie (9 damage)
             ... on level 6 of the Dungeon.
             The game lasted 00:21:45 (7133 turns).

DildoBatman the Magician (Formicid Conjurer)        Turns: 7133, Time: 00:21:45

HP:   -1/49 (56)    AC:  6    Str: 11    XL:     8   Next: 39%
MP:   16/18         EV: 12    Int: 19    God:    Kikubaaqudgha [......]
Gold: 221           SH:  0    Dex: 11    Spells: 17/20 levels left

rFire   . . .      SeeInvis +   d - +0 falchion
rCold   . . .      Faith    .   (no shield)
rNeg    . . .      Spirit   .   m - +0 robe
rPois   .          Reflect  .   (helmet unavailable)
rElec   .          Harm     .   (no cloak)
rCorr   .          Rampage  .   (no gloves)
Will    .....                   (no boots)
Stlth   ++........              (no amulet)
HPRegen 0.16/turn               s - +4 ring of protection
MPRegen 0.16/turn               (no ring)

@: heavily drained
A: permanent stasis, dig shafts and tunnels, antennae 3, four strong arms
a: Dig, Shaft Self, Renounce Religion


You were on level 6 of the Dungeon.
You worshipped Kikubaaqudgha.
Kikubaaqudgha was noncommittal.
You visited 2 branches of the dungeon, and saw 7 of its levels.
You also visited: Sewer.

You collected 221 gold pieces.

Inventory:

Hand Weapons
 a - a +0 hunting sling
 b - a +2 short sword of venom
 d - a +0 falchion (weapon)
 l - a +2 vorpal flail
 t - a +1 vampiric dagger
Missiles
 c - 135 stones
 f - 32 bolts
 u - a boomerang of dispersal (quivered)
 x - 70 arrows
Armour
 m - a +0 robe (worn)
 w - the +0 buckler of Defiance {rElec rN+ Dex-3}
   (You found it on level 4 of the Dungeon)

   Dex:       It affects your dexterity (-3).
   rElec:     It insulates you from electricity.
   rN:        It protects you from negative energy.
Magical Staves
 e - a staff of poison
Jewellery
 s - a +4 ring of protection (left hand)
Wands
 y - a wand of iceblast (8)
Scrolls
 i - a scroll of fear {unknown}
 j - a scroll of amnesia {unknown}
 o - a scroll of enchant armour {unknown}
 r - a scroll of vulnerability {unknown}
 v - a scroll of fog {unknown}
 z - a scroll of enchant weapon {unknown}
Potions
 g - 4 potions of curing
 k - a potion of brilliance
 p - 2 potions of magic
 q - a potion of might


   Skills:
 - Level 2.0 Fighting
 - Level 2.0 Armour
 - Level 1.7 Dodging
 - Level 2.4 Stealth
 - Level 3.0 Shields
 * Level 6.7 Spellcasting
 - Level 6.0 Conjurations


You had 17 spell levels left.
You knew the following spells:

 Your Spells              Type           Power      Damage    Failure   Level
a - Searing Ray           Conj           58%        2d6       1%          2
c - Magic Dart            Conj           100%       1d8       1%          1

Your spell library contained the following spells:

 Spells                   Type           Power      Damage    Failure   Level
 Dazzling Flash           Conj/Hex       34%        N/A       9%          3
 Iskenderun's Battlesphe  Conj           29%        2d8       24%         5
 Fulminant Prism          Conj/Hex       8%         3d7       30%         4
 Iskenderun's Mystic Bla  Conj/Tloc      17%        2d5       30%         4
 Fireball                 Conj/Fire      8%         3d6       63%         5
 Conjure Ball Lightning   Conj/Air       8%         3x3d6     99%         6
 Orb of Destruction       Conj           14%        9d7       100%        7


Dungeon Overview and Level Annotations

Branches:
Dungeon (6/15)             Temple (1/1) D:6           Sewer (visited)

Altars:
Ashenzari
Cheibriados
Dithmenos
Elyvilon
Fedhas
Gozag
Hepliaklqana
Kikubaaqudgha
Makhleb
Nemelex Xobeh
Okawaru
Qazlal
Ru
Sif Muna
Trog
Uskayaw
Vehumet
Wu Jian
Xom
Yredelemnul
Zin

Shops:
D:1 :   D:2 (

Annotations:
D:2 exclusion: black bear
D:3 exclusions: orc warrior and 1 more exclusion, Pikel
D:4 1 exclusion
D:5 exclusions: acid dragon and kobold demonologist
D:6 Sigmund


Innate Abilities, Weirdness & Mutations

You cannot be hasted, slowed, berserked, paralysed or teleported.
You can dig through walls and to a lower floor.
You have a pair of large antennae on your head. (SInv)
Your four strong arms can wield two-handed weapons with a shield.


Message History

Found an iron altar of Okawaru.
Key pressed, stopping explore.
Found a bloodstained altar of Trog.
Key pressed, stopping explore.
Done exploring.
There is an ancient bone altar of Kikubaaqudgha here.
You kneel at the altar of Kikubaaqudgha.
Kikubaaqudgha welcomes you!
There is a staircase back to the Dungeon, spattered with blood here.
Your +2 short sword of venom begins to drip with poison!
b - a +2 short sword of venom (weapon)
Your +2 short sword of venom stops dripping with poison.
l - a +2 vorpal flail (weapon)
d - a +0 falchion (weapon)
You drop 2 scrolls of teleportation.
Okay, then.
You climb upwards.
Welcome back to the Dungeon!
Level annotation: Sigmund The hornet zombie closely misses you.
The hornet zombie hits you!
There is a staircase to the Ecumenical Temple here.
Casting: Searing Ray (safe; 1% risk of failure)
Confirm with . or Enter, or press ? or * to list all spells.
Aiming: Searing Ray (safe; 1% risk of failure)
Press: ? - help, Shift-Dir - straight line, f - hornet zombie
Aim: a hornet zombie (82% to hit)
The searing ray hits the hornet zombie!
The hornet zombie is lightly damaged. (Press . to maintain the ray.)
The hornet zombie hits you. The hornet zombie hits you.
The hornet zombie hits you! The hornet zombie hits you!
An ogre comes into view. It is wielding a +0 giant spiked club.
Are you sure you want to shaft yourself?
The hornet zombie hits you. The hornet zombie hits you!
You die...
Kikubaaqudgha rasps: "You have failed me!
Welcome... death!"

........##†#..###.#.#
.....?..##.#......#.#
........##.#........#
.....................
.............###.....
.........#.......####
.............######
........#.#......O.
....[......@.#####
.......#.⌠Z#.......
##...#.......#...#.
#..#...⌠.>.⌠...#...
#....#.......#.....
#..#...#.⌠.#.......
..###............
...#.#.#.....
........#.#+#.


You could see an ogre (asleep) and a hornet zombie.

Vanquished Creatures
  A wyvern (D:4)
  A water moccasin (D:5)
  3 lemures (D:4)
  2 bullfrogs
  A scorpion (D:6)
  A water moccasin skeleton (D:4)
  A jelly (D:4)
  2 orc priests (D:4)
  2 iguanas (D:4)
  3 orc wizards
  A hound skeleton (D:5)
  8 adders
  9 river rats
  A worm (D:2)
  16 orcs
  9 ball pythons
  5 bats
  5 endoplasms
  7 giant cockroaches
  8 goblins
  5 hobgoblins
  3 quokkas
  10 frilled lizards
  4 kobolds
  16 rats
124 creatures vanquished.

Notes
Turn   | Place    | Note
-------+----------+-------------------------------------------
     0 | D:1      | DildoBatman the Formicid Conjurer began the quest for the
                  | Orb.
     0 | D:1      | Reached XP level 1. HP: 13/13 MP: 3/3
   144 | D:1      | Reached XP level 2. HP: 9/19 MP: 0/5
   147 | D:1      | Learned a level 2 spell: Searing Ray
   681 | D:1      | Reached XP level 3. HP: 21/24 MP: 4/6
   682 | D:1      | Found Etenn's Book Boutique.
  1198 | D:2      | Found Duiboy's Antique Weapon Shoppe.
  1310 | D:2      | Reached XP level 4. HP: 30/30 MP: 1/7
  1467 | D:2      | Found a faded altar of an unknown god.
  1660 | D:2      | Reached skill level 5 in Conjurations
  2251 | D:3      | Reached XP level 5. HP: 20/35 MP: 0/8
  2861 | D:4      | Identified the +0 buckler of Defiance {rElec rN+ Dex-3}
  3040 | D:4      | HP: 1/36 [orc priest/+0 trident (5)]
  3337 | D:4      | Reached skill level 1 in Fighting
  3337 | D:4      | Reached skill level 1 in Armour
  3337 | D:4      | Reached XP level 6. HP: 36/43 MP: 0/9
  3420 | D:4      | Noticed an orc warrior
  3620 | D:4      | Noticed a black bear
  3621 | D:4      | Noticed Pikel
  4663 | D:4      | Noticed a wyvern
  4663 | D:4      | a killer bee changed into a wyvern
  4673 | D:4      | Killed a wyvern
  4674 | D:4      | Reached XP level 7. HP: 18/50 MP: 10/14
  5432 | D:4      | Reached skill level 5 in Spellcasting
  5555 | D:5      | Entered Level 5 of the Dungeon
  5560 | D:5      | Noticed a kobold demonologist
  5582 | D:5      | Noticed an acid dragon
  5704 | D:5      | Reached skill level 1 in Shields
  5753 | D:5      | Found a glowing drain.
  5761 | Sewer    | Entered a sewer
  6403 | D:5      | Noticed a water moccasin
  6414 | D:5      | Killed a water moccasin
  6415 | D:5      | Reached XP level 8. HP: 15/39 MP: 6/16
  6520 | D:5      | You fall into a shaft and drop 1 floor!
  6708 | D:6      | Found a staircase to the Ecumenical Temple.
  6749 | D:6      | Noticed Sigmund
  6750 | Temple   | Entered the Ecumenical Temple
  7106 | Temple   | Became a worshipper of Kikubaaqudgha
  7133 | D:6      | Slain by a hornet zombie

Illustrated notes

Levels and vault maps discovered:
D:1:      arrival_zaba_pyramid, layout_basic, serial_shops, nicolae_diamond_shop
D:2:      layout_basic, basic_ecumenical_altar, serial_shops,
          nicolae_lakefront_shop, minmay_unequal
D:3:      layout_loops_corners
D:4:      layout_basic, chequers_serial_rivers_micro_e, uniq_pikel
D:5:      layout_basic, gup_sewer_entry_bubbles,
          minmay_a_box_with_orc_wizards_in_it, uniq_duvessa
D:6:      layout_basic, minmay_temple_entry_sparse_star, uniq_sigmund
Temple:   mainiacjoe_temple_circle_huts

Skill      XL: |  1  2  3  4  5  6  7  8 |
---------------+-------------------------+-----
Conjurations   | 4 5 6 |  6.0
Fighting       | 1 2 |  2.0
Armour         | 1 2 |  2.0
Spellcasting   | 4 5 6 |  6.7
Shields        | 3 |  3.0
Dodging        | |  1.7
Stealth        | |  2.4

Action                   |  1- 3 |  4- 6 |  7- 9 || total
-------------------------+-------+-------+-------++-------
Melee: Unarmed           |     8 |    11 |     3 ||    22
       Club              |    12 |       |       ||    12
       Spear             |     8 |     1 |       ||     9
       Short sword       |       |       |    21 ||    21
       Flail             |       |       |     1 ||     1
 Fire: Hunting sling     |       |    45 |    14 ||    59
Throw: Boomerang         |       |     1 |       ||     1
 Cast: Magic Dart        |    47 |    46 |    19 ||   112
       Searing Ray       |     4 |    20 |    19 ||    43
 Abil: Dig               |       |     1 |     5 ||     6
       Shaft Self        |       |       |     2 ||     2
Evoke: Wand              |       |     4 |       ||     4
  Use: Potion            |       |     6 |       ||     6
       Scroll            |       |       |     3 ||     3
 Stab: Confused          |       |     1 |       ||     1
       Sleeping          |       |       |     1 ||     1
Armor: Robe              |     3 |     2 |    14 ||    19
       Skin              |       |     1 |     1 ||     2
Dodge: Dodged            |    23 |    45 |    46 ||   114
